 Dungeon Crawl Stone Soup version 0.31-a0-441-g867994ef1c (webtiles) character file.

Game seed: 8493543735212237107

601 Gelion the Changeling (level 7, -4/70 HPs)
             Began as an Octopode Shapeshifter on Aug 2, 2023.
             Slain by an ogre
             ... wielding a +0 giant club
              (14 damage)
             ... on level 4 of the Dungeon.
             The game lasted 00:04:34 (2174 turns).

Gelion the Changeling (Octopode Shapeshifter)       Turns: 2174, Time: 00:04:35

Health: -4/70      AC: 23    Str: 14    XL:     7   Next: 41%
Magic:  7/7        EV:  2    Int: 11    God:
Gold:   205        SH:  0    Dex: 14    Spells: 6/6 levels left

rFire   . . .        k - +1 dagger (protect)
rCold   . . .        (no shield)
rNeg    . . .        (helmet currently unavailable)
rPois   +            (no amulet)
rElec   .            (no ring)
rCorr   .            (no ring)
SInv    .            (no ring)
Will    .....        (no ring)
Stlth   +            (no ring)
HPRegen 0.31/turn    (no ring)
MPRegen 0.10/turn    (no ring)
                     (no ring)

%: no passive effects
@: tree-form
A: stationary, stasis, torment immunity, boosted hp, almost no armour,
(amphibious), 8 rings, (camouflage 1), (gelatinous body 1), (nimble swimmer 1),
(tentacles)
a: no special abilities


You were on level 4 of the Dungeon.
You were a tree.
You visited 1 branch of the dungeon, and saw 4 of its levels.

You collected 205 gold pieces.

Inventory:

Hand Weapons
 k - a +1 dagger of protection (weapon)
Missiles
 n - a throwing net
Armour
 m - a +2 hat
Talismans
 b - a beast talisman
Scrolls
 e - a scroll of identify
Potions
 c - a potion of curing {unknown}
 d - a potion of degeneration {unknown}
 f - a potion of invisibility {unknown}
 g - a potion of attraction {unknown}
 h - a potion of berserk rage {unknown}
 i - 3 potions of brilliance
 j - a potion of magic {unknown}
 l - a potion of haste {unknown}


   Skills:
 + Level 3.8 Fighting
 - Level 2.0 Dodging
 + Level 4.8 Unarmed Combat
 * Level 5.4 Shapeshifting


You had 6 spell levels left.
You didn't know any spells.
Your spell library was empty.

Dungeon Overview and Level Annotations

Branches:
Dungeon (4/15)
 Temple: D:4-7

Altars:


Innate Abilities, Weirdness & Mutations

You are a tree.
Your roots penetrate the ground, keeping you stationary.
You cannot be teleported.
You are immune to unholy pain and torment.
Your maximum health is greatly increased.
You cannot wear most types of armour.
((You are amphibious.))
You can wear up to eight rings at the same time.
((Your skin changes colour to match your surroundings (Stealth+).))
((Your rubbery body absorbs attacks. (AC +1, EV +1)))
((You are camouflaged when in or above water. (Stealth+)))
((You have tentacles for arms and can constrict up to eight enemies at once.))


Message History

You open the door.
A hobgoblin comes into view.
There is an open door here.
A hobgoblin is nearby!
The hobgoblin shouts!
The hobgoblin hits you.
You hit the hobgoblin but do no damage.
Your weapon exudes an aura of protection.
Your grab misses the hobgoblin. The hobgoblin closely misses you.
You hit the hobgoblin. You grab the hobgoblin.
Your squeeze misses the hobgoblin.
The hobgoblin is severely wounded.
You constrict the hobgoblin, but do no damage.
The hobgoblin barely misses you.
You hit the hobgoblin but do no damage.
The hobgoblin is severely wounded.
You constrict the hobgoblin. The hobgoblin hits you.
You hit the hobgoblin.
You kill the hobgoblin!
No target in view!
As you open the door, it creaks loudly!
There is an open door here.
There is an open door here.
There is an open door here.
An ogre comes into view. It is wielding a +0 giant club.
The ogre shouts!
You hear a shout!
The ogre hits you with a +0 giant club!!
Ouch! That really hurt!
* * * LOW HITPOINT WARNING * * *
You are too injured to fight recklessly!
As you read the scroll labelled HOTHROU WAJE, it crumbles to dust.
It is a scroll of enchant weapon.
Your +0 dagger of protection glows red for a moment.
Really quaff the potion of lignification?
Your transformation has ended.
You turn into a tree.
Your roots penetrate the ground.
The ogre hits you with a +0 giant club!
* * * LOW HITPOINT WARNING * * *
You barely miss the ogre. The ogre hits you with a +0 giant club!
You die...

#. #..#.# #.
#.##..#.# #.#
#.##..#.# # #.#
#.##..#.##.# #.#
#.# ...... #.# #.#
#.#.###.## # ##.##
#.###........#
#.##...####.....♣O#
#...........#######
####...####.#
##.#####.#
#....##.# ####.##.#
#.##.# #.##.# ..#
##.##.# #.# #..#


You could see an ogre.

Vanquished Creatures
  Sigmund (D:3)
  2 ogres (D:4)
  A gnoll bouda (D:4)
  Terence (D:2)
  8 gnolls (D:4)
  6 adders
  4 worms
  2 dart slugs (D:3)
  4 orcs (D:3)
  3 endoplasms
  4 giant cockroaches
  4 goblins
  12 hobgoblins
  3 jackals (D:3)
  4 kobolds
  3 quokkas
  4 ball pythons
  7 bats
  3 frilled lizards
  7 rats
83 creatures vanquished.

Notes
Turn   | Place    | Note
-------+----------+-------------------------------------------
     0 | D:1      | Gelion the Octopode Shapeshifter began the quest for the
                  | Orb.
     0 | D:1      | Reached XP level 1. HP: 13/13 MP: 1/1
    95 | D:1      | Reached XP level 2. HP: 18/18 MP: 2/2
   464 | D:1      | Reached XP level 3. HP: 20/23 MP: 3/3
   682 | D:2      | Noticed Terence
   693 | D:2      | Killed Terence
   694 | D:2      | Reached XP level 4. HP: 18/29 MP: 4/4
  1329 | D:3      | Reached skill level 4 in Shapeshifting
  1389 | D:3      | Reached XP level 5. HP: 33/35 MP: 5/5
  1411 | D:3      | Noticed Sigmund
  1421 | D:3      | Killed Sigmund
  1422 | D:3      | Reached XP level 6. HP: 35/42 MP: 6/6
  1887 | D:4      | Reached skill level 5 in Shapeshifting
  1887 | D:4      | Reached XP level 7. HP: 46/46 MP: 7/7
  2174 | D:4      | Slain by an ogre

Illustrated notes

Levels and vault maps discovered:
D:1:      saegor_arrival_simple_c, layout_loops_ring
D:2:      layout_rooms, uniq_terence
D:3:      layout_rooms, hangedman_abyss_or_decor_lesser_grid, uniq_sigmund
D:4:      layout_loops_ring, minivault_11

Skill      XL: |  1  2  3  4  5  6 |
---------------+-------------------+-----
Fighting       | 2 3 |  3.8
Shapeshifting  | 4 5 |  5.4
Unarmed Combat | 4 |  4.8
Dodging        | |  2.0

Action                     |  1- 3 |  4- 6 |  7- 9 || total
---------------------------+-------+-------+-------++-------
  Melee: Unarmed           |    50 |       |       ||    50
         Constrict         |    15 |    30 |     6 ||    51
         Tentacles         |    12 |    23 |     7 ||    42
         Punch             |     1 |     7 |     1 ||     9
         Dagger            |    10 |   101 |    22 ||   133
    Use: Scroll            |       |     2 |     1 ||     3
         Potion            |       |       |     1 ||     1
   Stab: Sleeping          |     8 |     6 |       ||    14
 Armour: Skin              |     7 |    12 |     2 ||    21
  Dodge: Dodged            |    24 |    48 |     7 ||    79

Table legend: (Time is in decaauts)
 A = Elapsed time spent in this place.
 B = Non-inter-level travel time spent in this place.
 C = Inter-level travel time spent in this place.
 D = Time resting spent in this place.
 E = Time spent auto-exploring this place.
 F = Levels seen in this place.
 G = Mean time per level.
                   A        B        C        D        E       F      G
               +--------+--------+--------+--------+--------+-----+--------+
         Total |   2172 |   2112 |     60 |    127 |   1450 |   4 |  543.0 |
       Dungeon |   2172 |   2112 |     60 |    127 |   1450 |   4 |  543.0 |
               +--------+--------+--------+--------+--------+-----+--------+

Top non-repeatable levels by time:
     D:3: 724 daAuts
     D:1: 671 daAuts
     D:2: 426 daAuts
     D:4: 348 daAuts
